 Dungeon Crawl Stone Soup version 0.19.5 (webtiles) character file.

51 Haldmier the Ogre Mage (level 3, -2/33 HPs)
             Began as an Ogre Wizard on May 13, 2017.
             Slain by a gnoll (7 damage)
             ... on level 2 of the Dungeon.
             The game lasted 00:04:06 (1453 turns).

Haldmier the Ogre Mage (Ogre Wizard)                Turns: 1453, Time: 00:04:07

Health: -2/33      AC:  3    Str: 13    XL:     3   Next: 83%
Magic:  4/8        EV: 10    Int: 17    God:
Gold:   58         SH:  0    Dex:  8    Spells: 1 memorised, 9 levels left

rFire  . . .     SeeInvis .     f - +0 whip
rCold  . . .     Gourm    .     a - +0 robe
rNeg   . . .     Faith    .     (no shield)
rPois  .         Spirit   .     b - +0 hat
rElec  .         Reflect  .     (no cloak)
rCorr  .         Harm     .     (gloves unavailable)
MR     .....                    (boots unavailable)
Stlth  +.........               (no amulet)
                                (no ring)
                                (no ring)

@: no status effects
A: unfitting armour, tough skin 1
a: no special abilities


You were on level 2 of the Dungeon.
You were hungry.

You visited 1 branch of the dungeon, and saw 2 of its levels.

You collected 58 gold pieces.

Inventory:

Hand Weapons
 f - a +0 whip (weapon)
Armour
 a - a +0 robe (worn)
 b - a +0 hat (worn)
Scrolls
 i - a scroll of remove curse {unknown}
 j - 2 scrolls of fog {unknown}
 l - a scroll of fear {unknown}
 m - 2 scrolls of noise {unknown}
 n - 2 scrolls of random uselessness {unknown}
 o - 2 scrolls of recharging {unknown}
 p - a scroll of enchant armour {unknown}
 q - 2 scrolls of identify {unknown}
Potions
 e - 2 potions of flight {unknown}
 h - 2 potions of curing {unknown}
 k - a potion of agility {unknown}
Books
 c - a book of Minor Magic

   Spells                             Type                      Level
   a - Magic Dart                     Conjuration                  1
   b - Blink                          Translocation                2
   c - Call Imp                       Summoning                    2
   d - Repel Missiles                 Charms/Air                   2
   e - Slow                           Hexes                        2
   f - Conjure Flame                  Conjuration/Fire             3
   g - Mephitic Cloud                 Conjuration/Poison/Air       3
Comestibles
 d - 3 bread rations


   Skills:
 + Level 1.3 Fighting
 * Level 3.0 Maces & Flails
 - Level 1.7 Dodging
 - Level 1.4 Stealth
 + Level 4.1 Spellcasting
 + Level 1.0 Conjurations
   Level 0.6 Summonings
   Level 0.6 Translocations


You had 9 spell levels left.
You knew the following spells:

 Your Spells              Type           Power        Failure   Level  Hunger
a - Magic Dart            Conj           #...         12%         1    None


Dungeon Overview and Level Annotations

Branches:
Dungeon (2/15)

Altars:


Innate Abilities, Weirdness & Mutations

You are too large for most types of armour.
You have tough skin. (AC +1)


Message History

You take 2 damage, and have 12/33 hp.
Casting: Magic Dart
Confirm with . or Enter, or press ? or * to list all spells.
Aiming: Magic Dart
Press: ? - help, Shift-Dir - straight line, f/p - gnoll
Aim: a gnoll (heavily wounded)
The magic dart hits the gnoll.
The gnoll is heavily wounded.
The gnoll hits you!
* * * LOW HITPOINT WARNING * * *
You take 8 damage, and have 4/33 hp.
MASSIVE DAMAGE!!
You now have 5/8 mp.
Casting: Magic Dart
Confirm with . or Enter, or press ? or * to list all spells.
Aiming: Magic Dart
Press: ? - help, Shift-Dir - straight line, f/p - gnoll
Aim: a gnoll (heavily wounded)
The magic dart hits the gnoll.
The gnoll is severely wounded.
The gnoll hits you!
You die...

#.######.## #.# #.#
#.######.#
#......#.#
######.#.# # #.#)#
###.# #.#.#
......##########.#<#
............)g@..#(#
......##############
..... .... ..g .. .


You could see a gnoll.

Vanquished Creatures
  2 gnolls (D:2)
  A worm (D:1)
  A dart slug (D:1)
  2 giant cockroaches (D:1)
  4 goblins (D:1)
  2 hobgoblins (D:1)
  A ball python (D:1)
  8 bats
  A frilled lizard (D:1)
  4 kobolds (D:1)
  A rat (D:1)
27 creatures vanquished.

Notes
Turn   | Place    | Note
-------+----------+-------------------------------------------
     0 | D:1      | Haldmier the Ogre Wizard began the quest for the Orb.
     0 | D:1      | Reached XP level 1. HP: 16/16 MP: 5/5
    77 | D:1      | Reached skill level 1 in Maces & Flails
   168 | D:1      | Reached XP level 2. HP: 26/26 MP: 2/6
   660 | D:1      | Reached XP level 3. HP: 32/32 MP: 0/8
   951 | D:1      | Reached skill level 4 in Spellcasting
  1132 | D:2      | Reached skill level 1 in Fighting
  1132 | D:2      | Reached skill level 1 in Conjurations
  1453 | D:2      | Slain by a gnoll

Skill      XL: |  1  2  3 |
---------------+----------+-----
Maces & Flails | 1 2 3 |  3.0
Spellcasting   | 4 |  4.1
Fighting       | 1 |  1.3
Conjurations   | 1 |  1.0
Dodging        | |  1.7
Stealth        | |  1.4
Summonings     | |  0.6
Translocations | |  0.6

Action                   || total
-------------------------++-------
Melee: Whip              ||    50
 Cast: Magic Dart        ||    68
  Eat: Chunk             ||     1
Armor: Robe              ||    14
Dodge: Dodged            ||    28
